AoeStats
← So sad

Pilgrims

507533942Analyzed
3v3 RM · 13d ago on Sep 18, 2026· 21m 1s· 6 players
Game mode
Random Map
Map size
Normal (6 player)
Population
200
Speed
Normal
Resources
Standard
Victory
Conquest
Starting age
Dark Age
Ending age
Imperial Age
RankedLock teamsTeams togetherTeam positionsShared explorationLock speedFull tech treeHidden civsTurbo modeCheats
Victory
Defeat
🇧🇾 Dravidians · Belarus
1340
+17
🇺🇦 Goths · Ukraine
1338
+17
🇧🇾 Mongols · Belarus
1313
+18
🇩🇪 Byzantines · Germany
1368
-17
🇩🇪 Berbers · Germany
1368
-17
🇩🇪 Koreans · Germany
1368
-18
So sad
4:12 Loom
14:08 Feudal Age
14:43 Town Watch
18:34 Castle Age
17:03 Stone Mining
17:49 Fletching
19:29 Bodkin Arrow
HURMA
10:44 Feudal Age
12:14 Double-Bit Axe
14:37 Castle Age
12:32 Fishing Lines
12:51 Fletching
15:09 Padded Archer Armor
15:11 Gillnets
15:33 Bow Saw
15:46 Loom
16:37 Wheelbarrow
16:04 Gold Mining
18:13 Medium Warships
20:21 Hand Cart
20:55 Bodkin Arrow
21:03 Stone Mining
21:54 Leather Archer Armor
NiL
6:18 Loom
9:45 Feudal Age
9:50 Man-at-Arms
19:53 Castle Age
18:45 Fletching
18:57 Scale Mail Armor
19:07 Forging
19:21 Gold Mining
19:21 Stone Mining
20:57 Squires
?m
4:54 Loom
12:07 Feudal Age
12:39 Double-Bit Axe
22:59 Castle Age
The real Chimmy
5:14 Loom
11:52 Feudal Age
13:19 Double-Bit Axe
14:27 Gold Mining
Mannferd
5:06 Loom
12:04 Feudal Age
13:19 Double-Bit Axe
17:09 Castle Age
15:01 Horse Collar
18:29 Bow Saw
19:07 Heavy Plow
Connection lost

Rejoining the realm…

Still unreachable

The connection could not be restored.

Session expired

The server has moved on; the page needs a fresh start.